 Dungeon Crawl Stone Soup version 0.23-a0-650-ga4d50d4 (webtiles) character file.

44 Borgoz the Sneak (level 3, 0/24 HPs)
             Began as a Halfling Assassin on Jan 2, 2019.
             Slain by a bat (1 damage)
             ... on level 2 of the Dungeon.
             The game lasted 00:01:33 (800 turns).

Borgoz the Sneak (Halfling Assassin)                 Turns: 800, Time: 00:01:34

Health: 0/24       AC:  3    Str: 12    XL:     3   Next: 85%
Magic:  3/3        EV: 14    Int:  9    God:
Gold:   51         SH:  0    Dex: 16    Spells: 2/2 levels left

rFire    . . .     SeeInvis .   b - +0 blowgun
rCold    . . .     Gourm    .   (shield restricted)
rNeg     . . .     Faith    .   c - +0 robe
rPois    .         Spirit   .   (no helmet)
rElec    .         Reflect  .   d - +0 cloak
rCorr    .         Harm     .   (no gloves)
MR       .....                  (no boots)
Stlth    +++.......             (no amulet)
HPRegen  0.08/turn              (no ring)
MPRegen  0.08/turn              (no ring)

@: no status effects
A: small, mutation resistance 1
a: no special abilities


You were on level 2 of the Dungeon.
You were not hungry.

You visited 1 branch of the dungeon, and saw 2 of its levels.

You collected 51 gold pieces.

Inventory:

Hand Weapons
 a - a +2 dagger
 b - a +0 blowgun (weapon)
 i - a cursed -2 dagger
Missiles
 e - 23 poisoned needles (quivered)
 f - 2 curare-tipped needles
Armour
 c - a +0 robe (worn)
 d - a +0 cloak (worn)
Scrolls
 h - 2 scrolls of identify {unknown}
 l - a scroll of enchant armour {unknown}
 n - a scroll of immolation {unknown}
 o - a scroll of remove curse {unknown}
Potions
 j - a potion of ambrosia {unknown}
 k - a potion of lignification {unknown}
 m - a potion of haste {unknown}
Comestibles
 g - a ration
 p - 2 chunks of flesh


   Skills:
 + Level 2.0 Fighting
 + Level 3.0 Short Blades
 + Level 2.1 Throwing
 + Level 1.2 Dodging
 + Level 5.3 Stealth


You had 2 spell levels left.
You didn't know any spells.
Your spell library was empty.

Dungeon Overview and Level Annotations

Branches:
Dungeon (2/15)

Altars:

Annotations:
D:2 Natasha


Innate Abilities, Weirdness & Mutations

You are small and have problems with some larger weapons.
You are somewhat resistant to further mutation.


Message History

Firing (i - inventory. (/) - cycle)
e - 26 poisoned needles (quivered)
Press: ? - help, Shift-Dir - straight line, f/p - Natasha
Aim: Natasha You shoot a poisoned needle.
The poisoned needle closely misses Natasha.
The poisoned needle barely misses the white imp.
The bat hits you but does no damage. Natasha claws you but does no damage.
Firing (i - inventory. (/) - cycle)
e - 25 poisoned needles (quivered)
Press: ? - help, Shift-Dir - straight line, f/p - Natasha
Aim: Natasha You shoot a poisoned needle.
The poisoned needle hits Natasha.
The bat hits you.
* * * LOW HITPOINT WARNING * * *
Natasha misses you.
Firing (i - inventory. (/) - cycle)
e - 24 poisoned needles (quivered)
Press: ? - help, Shift-Dir - straight line, f/p - Natasha
Aim: Natasha You shoot a poisoned needle.
The poisoned needle hits Natasha.
The bat hits you.
You die...

###............####.######
..............## #.#
............#.# #.#
####.......##.# #.#
##.....###.# #.# ##...##
#.#####.## #.#.#
#.##5(..h# .#.# #h###.#
#@# ..h #b# .### ... ..
..##. ## ... .# .... .
..... .# #..... #


You could see Natasha, a white imp and a bat.

Vanquished Creatures
  Natasha (D:2)
  A dart slug (D:1)
  A bat (D:1)
  2 giant cockroaches (D:1)
  2 hobgoblins (D:1)
  2 kobolds (D:1)
  5 frilled lizards
  4 rats (D:1)
18 creatures vanquished.

Notes
Turn   | Place    | Note
-------+----------+-------------------------------------------
     0 | D:1      | Borgoz the Halfling Assassin began the quest for the Orb.
     0 | D:1      | Reached XP level 1. HP: 14/14 MP: 1/1
   431 | D:1      | Reached XP level 2. HP: 19/19 MP: 2/2
   586 | D:1      | Reached skill level 5 in Stealth
   750 | D:2      | Noticed Natasha
   754 | D:2      | Noticed a crimson imp
   773 | D:2      | Killed Natasha
   773 | D:2      | Reached XP level 3. HP: 1/24 MP: 3/3
   789 | D:2      | Noticed Natasha
   799 | D:2      | HP: 1/24 [bat (1)]
   800 | D:2      | Slain by a bat

Vault maps used:
D:1:      lemuel_arrival_muddy, dk_noncrumbling_4, grunt_decor_cap,
          patterned_corridor
D:2:      grunt_dithmenos_smoke_and_mirrors, first_ration,
          nicolae_ashenzari_panopticon, uniq_natasha, uniq_jessica

Skill      XL: |  1  2 |
---------------+-------+-----
Stealth        | 5 |  5.3
Fighting       | 2 |  2.0
Short Blades   | 3 |  3.0
Throwing       | |  2.1
Dodging        | |  1.2

Action                   || total
-------------------------++-------
Melee: Dagger            ||    49
 Fire: Blowgun           ||     7
 Stab: Sleeping          ||     8
       Distracted        ||     1
Armor: Robe              ||    10
Dodge: Dodged            ||    27

Table legend:
 A = Non-vault XP
 B = Vault XP
 C = Vault XP percentage of total XP
 D = Non-vault monster count
 E = Vault monster count
 F = Vault count percentage of total count
                 A         B        C        D         E       F
            +---------+---------+-------+---------+---------+-------
      Total |      27 |      36 |  57.1 |      17 |       1 |   5.6
            +---------+---------+-------+---------+---------+-------
        D:1 |      25 |       0 |   0.0 |      15 |       0 |   0.0
        D:2 |       2 |      36 |  94.7 |       2 |       1 |  33.3
            +---------+---------+-------+---------+---------+-------
